 Dungeon Crawl Stone Soup version 0.29.0-10-g45618ea6d2 (webtiles) character file.

Game seed: 17007027274047436694

2016 keekatzer the Covered (level 9, -13/56 HPs)
             Began as a Gargoyle Gladiator on Sept 2, 2022.
             Was a High Priest of Elyvilon.
             Killed from afar by a steam dragon (22 damage)
             ... with a ball of steam
             ... on level 6 of the Dungeon.
             The game lasted 00:26:06 (5378 turns).

keekatzer the Covered (Gargoyle Gladiator)          Turns: 5378, Time: 00:26:08

Health: -13/56     AC: 20    Str: 17    XL:     9   Next: 23%
Magic:  11/11      EV:  9    Int: 10    God:    Elyvilon [*****.]
Gold:   452        SH:  0    Dex: 15    Spells: 8/8 levels left

rFire   . . .      SeeInvis .   M - +0 dire flail (vorpal)
rCold   . . .      Faith    .   (shield currently unavailable)
rNeg    + . .      Spirit   .   j - +0 chain mail
rPois   ∞          Reflect  .   c - +0 helmet
rElec   +          Harm     .   m - +1 cloak
rCorr   .          Rampage  .   (no gloves)
Will    .....                   (no boots)
Stlth   ..........              w - amulet of regeneration
HPRegen 0.98/turn               t - +4 ring of slaying
MPRegen 0.12/turn               E - ring of flight

@: flying
A: sickness immunity, AC +6, negative energy resistance 1, electricity
resistance, torment resistance 1, petrification resistance
a: Renounce Religion, Purification, Heal Other, Heal Self, Divine Vigour


You were on level 6 of the Dungeon.
You worshipped Elyvilon.
Elyvilon was extremely pleased with you.
You visited 1 branch of the dungeon, and saw 7 of its levels.
You also visited: Sewer.

You collected 452 gold pieces.

Inventory:

Hand Weapons
 C - the +7 spear of Strategic Superiority {drain, rF+}
   (You found it on level 3 of the Dungeon)

   A truly terrible weapon, it drains the life of any living foe it strikes.
   rF:        It protects you from fire.
   Elyvilon disapproves of the use of such an item.
 H - a +2 scythe of protection
 I - a +0 shortbow of flaming
 K - a +0 bardiche
 L - a +2 long sword of venom
 M - a +0 vorpal dire flail (weapon)
Missiles
 d - 3 throwing nets (quivered)
 e - a javelin
Armour
 c - a +0 helmet (worn)
 j - a +0 chain mail (worn)
 m - a +1 cloak (worn)
 N - a +1 leather armour of fire resistance
Jewellery
 a - a ring of fire
 t - a +4 ring of slaying (left hand)
 w - an amulet of regeneration (around neck)
 E - a ring of flight (right hand)
Scrolls
 f - 3 scrolls of identify {unknown}
 n - 2 scrolls of butterflies {unknown}
 o - a scroll of fear {unknown}
 p - a scroll of immolation
 q - a scroll of teleportation {unknown}
 s - a scroll of vulnerability {unknown}
 y - 2 scrolls of silence {unknown}
 B - 3 scrolls of enchant weapon {unknown}
 D - 2 scrolls of poison {unknown}
 F - 3 scrolls of amnesia {unknown}
 G - 3 scrolls of blinking {unknown}
Potions
 b - 3 potions of berserk rage {unknown}
 g - 3 potions of cancellation {unknown}
 h - 6 potions of heal wounds {unknown}
 i - 2 potions of resistance
 k - a potion of might
 l - 2 potions of mutation {unknown}
 r - 5 potions of degeneration {unknown}
 u - 3 potions of curing {unknown}
 v - a potion of magic {unknown}
 x - 4 potions of attraction {unknown}
 z - 2 potions of lignification {unknown}
 A - 2 potions of ambrosia {unknown}
 J - a potion of brilliance {unknown}


   Skills:
 - Level 6.3 Fighting
 - Level 2.7(4.2) Axes
 + Level 5.4(5.8) Maces & Flails
 - Level 1.8 Throwing
 - Level 7.4 Armour
 - Level 4.0 Dodging
 - Level 3.9 Invocations


You had 8 spell levels left.
You didn't know any spells.
Your spell library contained the following spells:

 Spells                   Type           Power      Damage    Failure   Level
 Call Canine Familiar     Summ           0%         N/A       100%        3
 Portal Projectile        Hex/Tloc       0%         N/A       100%        3
 Leda's Liquefaction      Hex/Erth       0%         N/A       100%        4


Dungeon Overview and Level Annotations

Branches:
Dungeon (7/15)             Temple (0/1) D:6           Sewer (visited)

Altars:
Elyvilon
Ru
Xom


Innate Abilities, Weirdness & Mutations

You are immune to sickness and miasma.
Your stone body is resilient. (AC +6)
You are immune to poison.
You resist negative energy. (rN+)
You are resistant to electric shocks. (rElec)
You are resistant to unholy torment.
You are immune to petrification.


Message History

The steam dragon claws you but does no damage.
You closely miss the iguana.
The iguana is almost dead.
The iguana bites you but does no damage.
The steam dragon breathes steam at you. The ball of steam hits you!
You completely miss the iguana.
The iguana is almost dead.
You are engulfed in a cloud of scalding steam.
The iguana bites you but does no damage.
The steam dragon bites you but does no damage.
The steam dragon claws you.
You hit the iguana but do no damage.
The iguana is almost dead.
You are engulfed in a cloud of scalding steam.
The iguana closely misses you.
An ogre comes into view. It is wielding a +0 giant club.
The steam dragon bites you but does no damage.
The steam dragon claws you but does no damage.
You are engulfed in a cloud of scalding steam.
The ogre shouts!
The iguana bites you. The steam dragon barely misses you.
The steam dragon claws you but does no damage.
You fly upwards.
There is a stone staircase leading down here.
You puncture the iguana!
You kill the iguana!
The steam dragon closely misses you.
The steam dragon claws you but does no damage.
You hit the steam dragon but do no damage.
The steam dragon breathes steam at you. The ball of steam hits you!!
* * * LOW HITPOINT WARNING * * *
The steam dragon attacks as you move away!
The steam dragon bites you.
* * * LOW HITPOINT WARNING * * *
The steam dragon barely misses you. The steam dragon breathes steam at you.
The ball of steam hits you!!
You die...

.....## #.........#
......######.###.##
.......####...##.#
.............<.#.#
.......####...##.#
......## ##.###.##
.....## ##.....#
#...## #.##..#
##+## #.##@§#
#.D§§§# #.# #..##§#
##.## #..##.#
#...#### #..##.#
.......# #.....#
....##.#######.####
.#.............#
.##.##.#########


You could see a steam dragon (catching breath).

Vanquished Creatures
  Prince Ribbit (D:7)
  Sigmund (D:2)
  Edmund (D:5)
  Duvessa (D:7)
  An ice beast (D:6)
  A sky beast (D:7)
  2 ogres
  2 necrophages
  3 scorpions
  Dowan (D:7)
  2 howler monkeys
  4 hounds
  2 jellies (D:6)
  An orc priest (D:3)
  3 iguanas
  An orc wizard (D:3)
  An ogre zombie (D:6)
  4 gnolls (D:4)
  11 adders
  An orc zombie (D:6)
  2 river rats (Sewer)
  3 worms
  3 dart slugs
  10 orcs
  16 ball pythons
  14 endoplasms
  8 giant cockroaches
  6 goblins
  9 hobgoblins
  6 jackals
  6 kobolds
  7 quokkas
  7 bats
  7 frilled lizards
  6 rats
154 creatures vanquished.

Notes
Turn   | Place    | Note
-------+----------+-------------------------------------------
     0 | D:1      | keekatzer the Gargoyle Gladiator began the quest for the
                  | Orb.
     0 | D:1      | Reached XP level 1. HP: 12/12 MP: 1/1
   202 | D:1      | Reached skill level 1 in Armour
   220 | D:1      | Reached XP level 2. HP: 12/17 MP: 2/2
   493 | D:1      | Reached skill level 2 in Armour
   866 | D:1      | Reached XP level 3. HP: 19/21 MP: 3/3
   943 | D:1      | You fall into a shaft and drop 1 floor!
   964 | D:2      | Found a faded altar of an unknown god.
   984 | D:2      | Prayed at the altar of an unknown god.
   984 | D:2      | Became a worshipper of Elyvilon the Healer
   984 | D:2      | Reached * piety under Elyvilon
   997 | D:2      | Reached skill level 3 in Armour
  1700 | D:2      | Reached XP level 4. HP: 24/26 MP: 4/4
  1780 | D:2      | Reached skill level 4 in Armour
  1787 | D:2      | Noticed Sigmund
  1960 | D:3      | Reached XP level 5. HP: 7/30 MP: 5/5
  1962 | D:3      | Reached skill level 5 in Armour
  2054 | D:3      | Found a glowing drain.
  2080 | Sewer    | Entered a sewer
  2252 | Sewer    | Reached ** piety under Elyvilon
  2444 | Sewer    | Reached skill level 6 in Armour
  2527 | D:3      | Identified the +7 spear of Strategic Superiority {drain,
                  | rF+}
  2550 | D:3      | Reached XP level 6. HP: 35/35 MP: 6/6
  3183 | D:2      | Killed Sigmund
  3184 | D:2      | Reached XP level 7. HP: 24/42 MP: 7/7
  3388 | D:4      | Reached *** piety under Elyvilon
  3831 | D:5      | Entered Level 5 of the Dungeon
  3894 | D:5      | Found a sacrificial altar of Ru.
  3967 | D:5      | Noticed Edmund
  4171 | D:5      | Found a shimmering altar of Xom.
  4237 | D:6      | Reached **** piety under Elyvilon
  4252 | D:6      | Reached skill level 1 in Invocations
  4261 | D:6      | Reached skill level 5 in Fighting
  4261 | D:6      | Reached skill level 7 in Armour
  4278 | D:6      | Reached XP level 8. HP: 47/49 MP: 9/9
  4534 | D:6      | Found a staircase to the Ecumenical Temple.
  4558 | D:6      | Found a transporter.
  4824 | D:6      | Found a transporter.
  5008 | D:5      | Reached ***** piety under Elyvilon
  5085 | D:5      | Killed Edmund
  5160 | D:7      | Noticed Prince Ribbit
  5174 | D:7      | Reached skill level 1 in Maces & Flails
  5227 | D:7      | Killed Prince Ribbit
  5228 | D:7      | Reached XP level 9. HP: 38/56 MP: 11/11
  5261 | D:7      | Noticed Duvessa
  5273 | D:7      | Killed Duvessa
  5275 | D:7      | Noticed Dowan
  5325 | D:7      | Killed Dowan
  5359 | D:7      | Reached skill level 5 in Maces & Flails
  5378 | D:6      | Killed from afar by a steam dragon

Illustrated notes

Levels and vault maps discovered:
D:1:      dpeg_arrival_tiny_f, layout_loops_corners
D:2:      layout_basic, hellmonk_ecumenical_altar_blasted, uniq_sigmund
D:3:      layout_loops_cross, gup_sewer_entry_pipe, minmay_joined_circles
D:4:      layout_basic, grunt_decor_arrowhead
D:5:      layout_gridville, brannock_xom_greatest_gift,
          mainiacjoe_overflow_concentric_impassable, uniq_edmund
D:6:      gammafunk_cloud_chamber, layout_loops_corners,
          minmay_temple_entry_wispy
D:7:      layout_basic, lemuel_tele_altar, uniq_duvessa, uniq_prince_ribbit1

Skill      XL: |  1  2  3  4  5  6  7  8  9 |
---------------+----------------------------+-----
Armour         | 1 2 3 4 6 7 |  7.4
Fighting       | 3 5 6 |  6.3
Dodging        | 3 4 |  4.0
Invocations    | 1 3 |  3.9
Maces & Flails | 3 5 |  5.4
Axes           | |  2.7
Throwing       | |  1.8

Action                   |  1- 3 |  4- 6 |  7- 9 || total
-------------------------+-------+-------+-------++-------
Melee: War axe           |   137 |   177 |       ||   314
       Punch             |       |     3 |       ||     3
       Halberd           |       |       |   135 ||   135
       Dire flail        |       |       |    58 ||    58
Armor: Leather armour    |    15 |       |       ||    15
       Chain mail        |    90 |   111 |   156 ||   357
Dodge: Dodged            |    69 |    81 |    83 ||   233
